 Dungeon Crawl Stone Soup version 0.28.0-53-g5a82cb258f (webtiles) character file.

Game seed: 17046127825240858568

15 Faeu the Insei (level 2, 0/22 HPs)
             Began as a Djinni Transmuter on May 30, 2022.
             Slain by a quokka (2 damage)
             ... on level 2 of the Dungeon.
             The game lasted 00:01:58 (1118 turns).

Faeu the Insei (Djinni Transmuter)                  Turns: 1118, Time: 00:01:58

Health: 0/22       AC:  2    Str:  9    XL:     2   Next: 65%
Gold:   7          EV: 12    Int: 14    God:
                   SH:  0    Dex: 13

rFire   + + .      SeeInvis .     - Unarmed
rCold   x . .      Faith    .   (no shield)
rNeg    . . .      Spirit   .   a - +0 robe
rPois   ∞          Reflect  .   (no helmet)
rElec   .          Harm     .   (no cloak)
rCorr   .          Rampage  .   (no gloves)
Will    .....                   (boots unavailable)
Stlth   +.........              (no amulet)
HPRegen 0.07/turn               (no ring)
MPRegen 0.00/turn               (no ring)

@: flying
A: sickness immunity, fire resistance 2, cold vulnerability 1, float, innate
caster, HP casting, extra vitality 1
a: no special abilities


You were on level 2 of the Dungeon.
You visited 1 branch of the dungeon, and saw 2 of its levels.

You collected 7 gold pieces.


Innate Abilities, Weirdness & Mutations

You are immune to sickness and miasma.
You are immune to poison.
Your flesh is very heat resistant. (rF++)
You are vulnerable to cold. (rC-)
You float through the air rather than walking.
You learn spells naturally, not from books.
Your magical power is your life essence.
You have superior vitality. (+4 MHP)


   Skills:
 + Level 1.5 Fighting
 + Level 2.5 Dodging
 + Level 3.2 Unarmed Combat
 - Level 1.6 Spellcasting


You couldn't memorise any spells.
You knew the following spells:

 Your Spells              Type           Power      Damage    Failure   Level
a - Beastly Appendage     Tmut           10%        N/A       13%         1
b - Wereblood             Tmut           5%         N/A       19%         2
c - Spider Form           Tmut/Pois      5%         N/A       36%         3
d - Ice Form              Ice/Tmut       5%         N/A       77%         4
Your spell library was empty.

Inventory:

Missiles
 b - 5 poisoned darts {throwing}
 d - 20 arrows
 e - 28 stones (quivered) {throwing}
Armour
 a - a +0 robe (worn)
Potions
 c - a potion of degeneration {unknown}
 f - a potion of heal wounds {unknown}

Dungeon Overview and Level Annotations

Branches:
Dungeon (2/15)

Altars:

. ##.## ####.# #....#
#.#### ### ##
##.###.## #.. .#
........######.###.##
##.###..............#
#...#####......####
#....)>....@.......
##..#####..r...####
#..# #..(...# #..#
###.##.####
#..#######........
...#...r..(.......
##.##.#>#.#########
#.. #. ### #.


You could see a quokka.


Message History

The stone {throwing} closely misses the frilled lizard.
You throw a stone {throwing}.
The stone {throwing} hits the frilled lizard.
You throw a stone {throwing}.
The stone {throwing} barely misses the frilled lizard.
You miss the frilled lizard. The frilled lizard barely misses you.
You hit the frilled lizard.
You kill the frilled lizard!
e - 10 stones {throwing} (gained 1)
A goblin comes into view. It is wielding a +0 dagger.
You see here a stone {throwing}.
You see here a stone {throwing}.
You throw a stone {throwing}.
The stone {throwing} hits the goblin but does no damage.
The goblin shouts!
The goblin unwields a +0 dagger.
The goblin wields a +0 hunting sling.
The goblin shoots a stone.
The stone hits you. 😕 HP[-1]
You take 1 damage, and now have 21/22 hp.
You throw a stone {throwing}.
The stone {throwing} hits the goblin but does no damage.
The goblin shoots a stone.
The stone misses you.
You throw a stone {throwing}. The stone {throwing} hits the goblin.
The goblin shoots a stone.
The stone hits you. 😕 HP[-3]
You take 3 damage, and now have 18/22 hp.
You throw a stone {throwing}.
The stone {throwing} hits the goblin but does no damage.
You throw a stone {throwing}. The stone {throwing} misses the goblin.
You throw a stone {throwing}. The stone {throwing} misses the goblin.
The goblin shoots a stone.
The stone hits you but does no damage.
The goblin shoots a stone.
The stone misses you.
You throw a stone {throwing}.
The stone {throwing} closely misses the goblin.
The goblin shoots a stone.
The stone hits you. 😮 HP[-4]
You take 4 damage, and now have 14/22 hp.
You are too injured to fight recklessly!
You are too injured to fight recklessly!
The goblin shoots a stone.
The stone hits you. 😮 HP[-1]
You take 1 damage, and now have 13/22 hp.
The goblin unwields a +0 hunting sling.
The goblin wields a +0 dagger.
The goblin hits you with a +0 dagger.
* * * LOW HITPOINT WARNING * * *
😨 HP[-2]
You take 2 damage, and now have 11/22 hp.
You hit the goblin.
You kill the goblin!
e - 20 stones {throwing} (gained 17)
Things that are here:
a +0 dagger {short}; a +0 hunting sling {sling}; a goblin corpse 😮 HP[+1]
e - 21 stones {throwing} (gained 1)
e - 22 stones {throwing} (gained 1)
e - 23 stones {throwing} (gained 1)
Things that are here:
a +0 dagger {short}; a +0 hunting sling {sling}; a goblin corpse
There is a stone staircase leading down here.
e - 27 stones {throwing} (gained 4)
e - 30 stones {throwing} (gained 3)
A quokka comes into view. 😎 HP[+10]
You see here a +0 whip {mace}.
You throw a stone {throwing}.
The stone {throwing} hits the quokka but does no damage.
You throw a stone {throwing}.
The stone {throwing} barely misses the quokka.
The quokka bites you. x2 😕 HP[-2]
You take 2 damage, and now have 20/22 hp.
You closely miss the quokka. The quokka bites you. 😕 HP[-2]
You take 2 damage, and now have 18/22 hp.
You hit the quokka. The quokka bites you. 😮 HP[-3]
You take 3 damage, and now have 15/22 hp.
You closely miss the quokka. The quokka barely misses you.
You miss the quokka. You punch the quokka. The quokka bites you.
* * * LOW HITPOINT WARNING * * *
😨 HP[-4]
You take 4 damage, and now have 11/22 hp.
You closely miss the quokka. The quokka barely misses you.
You miss the quokka. The quokka bites you.
* * * LOW HITPOINT WARNING * * *
😨 HP[-3]
You take 3 damage, and now have 8/22 hp.
You barely miss the quokka. The quokka completely misses you.
You closely miss the quokka. The quokka closely misses you.
You barely miss the quokka. The quokka bites you.
* * * LOW HITPOINT WARNING * * *
😨 HP[-1]
You take 1 damage, and now have 7/22 hp.
You barely miss the quokka. The quokka bites you.
* * * LOW HITPOINT WARNING * * *
😱 HP[-5]
You take 5 damage, and now have 2/22 hp.
MASSIVE DAMAGE!! (PAUSE)
You hit the quokka but do no damage. The quokka bites you.
You die...

Action                   || total
-------------------------++-------
Melee: Unarmed           ||    62
       Headbutt          ||     3
       Punch             ||     2
Throw: Stone             ||    14
 Cast: Beastly Appendage ||     2
Armor: Robe              ||     5
Dodge: Dodged            ||    31

Levels and vault maps discovered:
D:1:      dpeg_arrival_renting, layout_loops_ring,
          hellmonk_ecumenical_altar_blasted
D:2:      layout_loops_ring, hex_medium, st_stairs_11

Notes
Turn   | Place    | Note
-------+----------+-------------------------------------------
     0 | D:1      | Faeu the Djinni Transmuter began the quest for the Orb.
     0 | D:1      | Reached XP level 1. HP: 17/17 MP: 0/0
     0 | D:1      | magus.rc [v1.9.6]
   588 | D:1      | Reached XP level 2. HP: 10/22 MP: 0/0
  1117 | D:2      | HP: 2/22 [quokka (5)]
  1118 | D:2      | Slain by a quokka

Vanquished Creatures
  A bat (D:1)
  An endoplasm (D:1)
  2 giant cockroaches
  A goblin (D:2)
  2 jackals (D:1)
  A frilled lizard (D:2)
  3 kobolds
  2 rats (D:1)
13 creatures vanquished.

Table legend:
 A = Non-vault XP
 B = Vault XP
 C = Vault XP percentage of total XP
 D = Non-vault monster count
 E = Vault monster count
 F = Vault count percentage of total count
                 A         B        C        D         E       F
            +---------+---------+-------+---------+---------+-------
      Total |      22 |       0 |   0.0 |      13 |       0 |   0.0
            +---------+---------+-------+---------+---------+-------
        D:1 |      15 |       0 |   0.0 |       9 |       0 |   0.0
        D:2 |       7 |       0 |   0.0 |       4 |       0 |   0.0
            +---------+---------+-------+---------+---------+-------

Illustrated notes

Table legend:
 A = Kills in this place as a percentage of kills in entire the game.
 B = Kills by you in this place as a percentage of kills by you in the entire game.
 C = Kills by friends in this place as a percentage of kills by friends in the entire game.
 D = Other kills in this place as a percentage of other kills in the entire game.
 E = Experience gained in this place as a percentage of experience gained in the entire game.
 F = Experience gained in this place divided by the number of levels of this place that you have seen.
                   A       B       C       D       E      F
               +-------+-------+-------+-------+-------+----------------------
         Total | 100.0 | 100.0 |   N/A |   N/A | 100.0 |  11.0
       Dungeon | 100.0 | 100.0 |   N/A |   N/A | 100.0 |  11.0
               +-------+-------+-------+-------+-------+----------------------

Table legend: (Time is in decaauts)
 A = Elapsed time spent in this place.
 B = Non-inter-level travel time spent in this place.
 C = Inter-level travel time spent in this place.
 D = Time resting spent in this place.
 E = Time spent auto-exploring this place.
 F = Levels seen in this place.
 G = Mean time per level.
                   A        B        C        D        E       F      G
               +--------+--------+--------+--------+--------+-----+--------+
         Total |   1115 |   1115 |      0 |    239 |    709 |   2 |  557.5 |
       Dungeon |   1115 |   1115 |      0 |    239 |    709 |   2 |  557.5 |
               +--------+--------+--------+--------+--------+-----+--------+

Top non-repeatable levels by time:
     D:1: 660 daAuts
     D:2: 455 daAuts
